cohdb
Replays
Latest Replays
All Replays
Popular Replays
Top Player Replays
Match Explorer
How It Works
Community
CoH3 Stats
Reddit
Sign in to upload your games and track your stats! →
Sign in with Steam
Match 41677380
Unlisted
Match 41677380
Overview
Messages
Build Orders
End
Kradschützen Motorcycle Team
Panzerpioneer Squad
Selects Armored Support Battlegroup
250 Light Carrier
Construct Light Support Kompanie
Combat Half-tracks
Assault Grenadier Squad
Selects Superior Fire Drills
Assault Grenadier Squad
Fire Support Elements
Panzerjäger Mechanized Group
Selects Salvage Kits
Vehicle Survival Package
Construct Panzerarmee Kommand
Panzer III L Medium Tank
Panzer III L Medium Tank
Emergency Repair Kits
Panzer III L Medium Tank
Selects Panzer Storm
Selects Stuka Anti-tank Loiter
Panzerpioneer Squad
Panzer III L Medium Tank
Panzer III L Medium Tank
Panzerpioneer Squad
Selects Flammpanzer III Medium Tank
Rapid Advance
Panzer III L Medium Tank
Panzerjäger Mechanized Group
Stuka Anti-tank Loiter
Panzer III L Medium Tank
Selects Battlefield Salvage
Pak 38 Anti-tank Gun Team
Ghost
FLOKL
HulkSMASH
⚓️Ruby⚓
0
0
Comments
sign in to comment!
No comments posted yet!